 Dungeon Crawl Stone Soup version 0.27-a0-951-gae3e1deef5 (webtiles) character file.

Game seed: 7264802088684876286

7 jasper the Sneak (level 1, -1/18 HPs)
             Began as a Demonspawn Delver on Apr 11, 2021.
             Slain by a gnoll
             ... wielding a +0 flail
              (10 damage)
             ... on level 2 of the Dungeon.
             The game lasted 00:01:21 (719 turns).

jasper the Sneak (Demonspawn Delver)                 Turns: 719, Time: 00:01:21

Health: -1/18      AC:  4    Str: 12    XL:     1   Next: 83%
Magic:  1/1        EV: 11    Int: 11    God:
Gold:   29         SH:  0    Dex: 14    Spells: 0/0 levels left

rFire    . . .     SeeInvis +     - Unarmed
rCold    . . .     Faith    .   (no shield)
rNeg     . . .     Spirit   .   a - +0 leather armour
rPois    .         Reflect  .   (no helmet)
rElec    .         Harm     .   (no cloak)
rCorr    .         Rampage  .   d - +0 pair of gloves
Will     .....                  (no boots)
Stlth    ++........             (no amulet)
HPRegen  0.06/turn              h - ring of see invisible
MPRegen  0.07/turn              (no ring)

@: no status effects
A: no striking features
a: no special abilities


You were on level 2 of the Dungeon.
You visited 1 branch of the dungeon, and saw 4 of its levels.

You collected 29 gold pieces.

Inventory:

Armour
 a - a +0 leather armour (worn)
 d - a +0 pair of gloves (worn)
Jewellery
 h - a ring of see invisible (left hand)
Wands
 f - a wand of digging (3)
Scrolls
 b - a scroll of fog
 c - 2 scrolls of magic mapping
 g - a scroll of identify
Potions
 e - a potion of haste


   Skills:
 + Level 3.1 Fighting
 + Level 1.9 Dodging
 - Level 4.5 Stealth
 * Level 2.1 Unarmed Combat


You couldn't memorise any spells.
You didn't know any spells.
Your spell library was empty.

Dungeon Overview and Level Annotations

Branches:
Dungeon (5/15)
 Temple: D:4-7

Altars:

Annotations:
D:4 exclusions: hound and orc wizard, Blork the orc


Message History

There is a shaft here.
An endoplasm comes into view.
Found a club.
The ball python barely misses you. The ball python grabs you.
The ball python constricts you.
You escape the ball python's grasp.
A bat comes into view.
The ball python closely misses you. The ball python grabs you.
The ball python constricts you.
You take 1 damage, and have 17/18 hp.
You escape the ball python's grasp.
The gnoll shouts!
Found a stone staircase leading up.
The ball python bites you but does no damage.
The ball python completely misses you.
Found a hand axe.
A goblin and an orc priest come into view.
An orc comes into view. It is wielding a +0 dagger.
There is a stone staircase leading up here.
The ball python bites you. The ball python grabs you.
You stop ascending the stairs.
The ball python constricts you. The ball python bites you.
The ball python constricts you.
You take 4 damage, and have 13/18 hp.
MASSIVE DAMAGE!!
Unknown command.
Unknown command.
Unknown command.
You hit the ball python.
You kill the ball python!
The gnoll hits you but does no damage.
You climb upwards.
The goblin shouts!
You hear an angry hiss.
Found a stone staircase leading up.
There is a stone staircase leading down here.
The gnoll closely misses you. The gnoll misses you.
The goblin barely misses you.
Found a robe.
An adder comes into view.
The gnoll hits you with a +0 whip. The gnoll hits you with a +0 flail!
Ouch! That really hurt!
You die...

.# .# .# .# #
.# #..#####.# #
...S.....##.###
..<###g@...[...
......g.g##....
..####.>.# #
#####


You could see 2 gnolls, an adder and a goblin.

Vanquished Creatures
  A ball python (D:3)
  3 endoplasms
  A giant cockroach (D:3)
5 creatures vanquished.

Notes
Turn   | Place    | Note
-------+----------+-------------------------------------------
     0 | D:5      | jasper the Demonspawn Delver began the quest for the Orb.
     0 | D:5      | Reached XP level 1. HP: 18/18 MP: 1/1
    86 | D:5      | Noticed a gnoll shaman
    98 | D:5      | Noticed an orc priest
    99 | D:5      | Noticed an orc wizard
    99 | D:5      | Noticed an orc priest
   100 | D:5      | Noticed an iguana
   346 | D:4      | Noticed an orc wizard
   382 | D:4      | Noticed a hound
   516 | D:4      | Noticed Blork the orc
   713 | D:3      | Noticed an orc priest
   719 | D:2      | Slain by a gnoll

Illustrated notes

Levels and vault maps discovered:
D:2:      layout_loops_ring
D:3:      layout_rooms, gammafunk_ghost_necromancy, uniq_robin, uniq_natasha
D:4:      layout_basic, serial_shops, nicolae_shop_stone, uniq_blork_the_orc,
          uniq_pikel
D:5:      layout_basic, nemelex_diamond_rough_becter, portal_sewer_entry_d

Skill      XL: |  1 |
---------------+----+-----
Unarmed Combat | 2 |  2.1
Fighting       | |  3.1
Dodging        | |  1.9
Stealth        | |  4.5

Action                   || total
-------------------------++-------
Melee: Unarmed           ||    17
  Use: Scroll            ||     2
 Stab: Sleeping          ||     1
Armor: Leather armour    ||     6
Dodge: Dodged            ||    11

Table legend: (Time is in decaauts)
 A = Elapsed time spent in this place.
 B = Non-inter-level travel time spent in this place.
 C = Inter-level travel time spent in this place.
 D = Time resting spent in this place.
 E = Time spent auto-exploring this place.
 F = Levels seen in this place.
 G = Mean time per level.
                   A        B        C        D        E       F      G
               +--------+--------+--------+--------+--------+-----+--------+
         Total |    717 |    717 |      0 |    355 |    195 |   4 |  179.2 |
       Dungeon |    717 |    717 |      0 |    355 |    195 |   4 |  179.2 |
               +--------+--------+--------+--------+--------+-----+--------+

Top non-repeatable levels by time:
     D:4: 415 daAuts
     D:3: 181 daAuts
     D:5: 119 daAuts
     D:2: 1 daAuts
